 Dungeon Crawl Stone Soup version 0.31-a0-188-g5e087ee2ca (webtiles) character file.

Game seed: 13935071303703894905

332 qw the Skirmisher (level 6, -1/35 HPs)
             Began as a Deep Elf Hunter on June 23, 2023.
             Succumbed to a scorpion's poison
             ... on level 4 of the Dungeon.
             The game lasted 00:00:56 (2822 turns).

qw the Skirmisher (Deep Elf Hunter)                 Turns: 2822, Time: 00:00:56

Health: -1/35      AC:  3    Str: 10    XL:     6   Next: 26%
Magic:  8/8        EV: 13    Int: 14    God:
Gold:   166        SH:  0    Dex: 18    Spells: 5/5 levels left

rFire   . . .        b - +0 shortbow (heavy)
rCold   . . .        (shield currently unavailable)
rNeg    . . .        c - +0 leather armour
rPois   .            (no helmet)
rElec   .            (no cloak)
rCorr   +            (no gloves)
SInv    .            (no boots)
Will    .....        (no amulet)
Stlth   ++           a - ring of resist corrosion
HPRegen 0.25/turn    (no ring)
MPRegen 0.11/turn

%: no passive effects
@: lethally poisoned (-1 -> -14)
A: no striking features
a: no special abilities


You were on level 4 of the Dungeon.
You visited 1 branch of the dungeon, and saw 4 of its levels.

You collected 166 gold pieces.


   Skills:
 - Level 2.2 Fighting
 + Level 9.1 Ranged Weapons
 - Level 3.6 Dodging
 - Level 1.2 Stealth


You had 5 spell levels left.
You didn't know any spells.
Your spell library was empty.

Inventory:

Hand Weapons
 b - a +0 heavy shortbow (weapon)
Armour
 c - a +0 leather armour (worn)
Jewellery
 a - a ring of resist corrosion (left hand)
 h - an amulet of faith
Scrolls
 g - a scroll of enchant armour
 i - a scroll of immolation {unknown}
Potions
 d - a potion of berserk rage {unknown}
 e - a potion of enlightenment {unknown}
 f - a potion of attraction {unknown}

Dungeon Overview and Level Annotations

Branches:
Dungeon (4/15)
 Temple: D:4-7

Altars:
Gozag


Message History

You shoot an arrow. The arrow barely misses the dart slug.
You shoot an arrow. The arrow hits the dart slug!
You kill the dart slug!
h - an amulet of faith;
i - a scroll labelled NIUMON BOIBLOID
Items here: ( )) [.
Found a stone staircase leading up.
Enter note:
Enter note: A scorpion comes into view.
Enter note:
Enter note: You shoot an arrow.
The arrow hits the scorpion!
The scorpion is heavily wounded.
You shoot an arrow.
The arrow hits the scorpion but does no damage.
The scorpion is heavily wounded.
You shoot an arrow. The arrow barely misses the scorpion.
An adder comes into view.
You shoot an arrow. The arrow closely misses the scorpion.
The adder hisses angrily.
The scorpion barely misses you. The scorpion misses you.
You shoot an arrow. The arrow hits the scorpion.
The scorpion is severely wounded.
The scorpion stings you.
You are poisoned.
The scorpion poisons you!
The scorpion stings you but does no damage.
You shoot an arrow. The arrow barely misses the scorpion.
You feel very sick. The scorpion stings you!
You are lethally poisoned!
The scorpion poisons you! The scorpion stings you.
You shoot an arrow. The arrow hits the scorpion.
You kill the scorpion!
You feel very sick. The adder bites you.
Your Fighting skill increases to level 2!
You shoot an arrow. The arrow hits the adder.
The adder is moderately wounded.
You die...

...############
......<.S...... ... ###@#
##.# #...# ...# ##.### ..#
##..#### ..# #>.....#
####.# ####...## #....#
###..## #....##
##########...## #...g..
#..........#..######...###


You could see an adder.

Vanquished Creatures
  2 scorpions (D:4)
  2 hounds (D:4)
  Natasha (twice) (D:3)
  4 adders
  5 dart slugs
  4 orcs (D:3)
  5 ball pythons
  2 bats
  3 endoplasms (D:1)
  2 giant cockroaches (D:1)
  8 goblins
  3 hobgoblins
  4 jackals
  A quokka (D:4)
  2 frilled lizards
  3 kobolds
  6 rats
58 creatures vanquished.

Notes
Turn   | Place    | Note
-------+----------+-------------------------------------------
     0 | D:1      | qw the Deep Elf Hunter began the quest for the Orb.
     0 | D:1      | Reached XP level 1. HP: 12/12 MP: 3/3
     0 | D:1      | 0 ||| qw: Version: 0.3-a-9-g12657ce
     0 | D:1      | 0 ||| qw: Game counter: 3746
     0 | D:1      | 0 ||| qw: Always use a shield: true
     0 | D:1      | 0 ||| qw: God list: Okawaru
     0 | D:1      | 0 ||| qw: Allow faded altars: false
     0 | D:1      | 0 ||| qw: Do Orc after D:15 true
     0 | D:1      | 0 ||| qw: Do second Lair branch before Depths: true
     0 | D:1      | 0 ||| qw: Lair rune preference: random
     0 | D:1      | 0 ||| qw: Plans: Normal
     0 | D:1      | 0 ||| PLANNING D:1-11
   263 | D:1      | Reached XP level 2. HP: 16/16 MP: 4/4
   298 | D:1      | Reached skill level 6 in Ranged Weapons
   609 | D:1      | 609 ||| FLEEEEING.
   818 | D:1      | 818 ||| READING 3 scrolls labelled EVANUZ AZOCS.
   819 | D:1      | 819 ||| DROPPING 2 scrolls of blinking.
   820 | D:1      | 820 ||| DROPPING scroll of butterflies.
   952 | D:2      | Reached XP level 3. HP: 19/20 MP: 5/5
  1034 | D:2      | Identified the +2 kite shield "Rihiozoa" {Will+}
  1259 | D:2      | Reached skill level 7 in Ranged Weapons
  1492 | D:2      | 1492 ||| READING scroll labelled KEHANOLYW NEAR.
  1493 | D:2      | 1493 ||| READING scroll labelled HODOL FUNATS.
  1624 | D:3      | Noticed Natasha
  1627 | D:3      | Killed Natasha
  1628 | D:3      | Reached XP level 4. HP: 25/25 MP: 6/6
  1751 | D:3      | 1751 ||| FLEEEEING.
  1753 | D:3      | 1753 ||| FLEEEEING.
  1754 | D:3      | 1754 ||| FLEEEEING.
  1757 | D:3      | 1757 ||| FLEEEEING.
  1758 | D:3      | 1758 ||| FLEEEEING.
  1760 | D:3      | 1760 ||| FLEEEEING.
  1761 | D:3      | 1761 ||| FLEEEEING.
  1764 | D:3      | 1764 ||| FLEEEEING.
  1765 | D:3      | 1765 ||| FLEEEEING.
  1766 | D:3      | 1766 ||| FLEEEEING.
  1767 | D:3      | 1767 ||| FLEEEEING.
  1768 | D:3      | 1768 ||| FLEEEEING.
  1769 | D:3      | 1769 ||| FLEEEEING.
  1770 | D:3      | 1770 ||| FLEEEEING.
  1771 | D:3      | 1771 ||| FLEEEEING.
  1772 | D:3      | 1772 ||| FLEEEEING.
  1773 | D:3      | 1773 ||| FLEEEEING.
  1779 | D:3      | 1779 ||| FLEEEEING.
  1780 | D:3      | 1780 ||| FLEEEEING.
  1787 | D:3      | 1787 ||| FLEEEEING.
  1788 | D:3      | 1788 ||| FLEEEEING.
  1789 | D:3      | 1789 ||| FLEEEEING.
  1790 | D:3      | 1790 ||| FLEEEEING.
  1791 | D:3      | 1791 ||| FLEEEEING.
  1792 | D:3      | 1792 ||| FLEEEEING.
  1793 | D:3      | 1793 ||| FLEEEEING.
  1794 | D:3      | 1794 ||| FLEEEEING.
  1795 | D:3      | 1795 ||| FLEEEEING.
  1796 | D:3      | 1796 ||| FLEEEEING.
  1797 | D:3      | 1797 ||| FLEEEEING.
  1820 | D:3      | HP: 6/25 [poisoned by an adder]
  1987 | D:3      | Reached skill level 8 in Ranged Weapons
  1993 | D:3      | Found an opulent altar of Gozag.
  1994 | D:3      | Noticed Natasha
  1996 | D:3      | Killed Natasha
  2039 | D:3      | Reached XP level 5. HP: 25/29 MP: 7/7
  2345 | D:3      | 2345 ||| UPGRADING to ring of resist corrosion.
  2346 | D:3      | 2346 ||| READING scroll labelled OMADADGHEBROU.
  2347 | D:3      | 2347 ||| READING scroll labelled DENYIGIJYA.
  2348 | D:3      | 2348 ||| READING scroll labelled YMELOMUHOU.
  2349 | D:3      | 2349 ||| READING scroll labelled KAKHLO BAZOW.
  2556 | D:4      | Reached skill level 9 in Ranged Weapons
  2585 | D:4      | Reached skill level 3 in Dodging
  2585 | D:4      | Reached XP level 6. HP: 11/34 MP: 8/8
  2764 | D:4      | 2764 ||| FLEEEEING.
  2765 | D:4      | 2765 ||| FLEEEEING.
  2766 | D:4      | 2766 ||| FLEEEEING.
  2767 | D:4      | 2767 ||| FLEEEEING.
  2768 | D:4      | 2768 ||| FLEEEEING.
  2769 | D:4      | 2769 ||| FLEEEEING.
  2770 | D:4      | 2770 ||| FLEEEEING.
  2771 | D:4      | 2771 ||| FLEEEEING.
  2772 | D:4      | 2772 ||| FLEEEEING.
  2774 | D:4      | 2774 ||| FLEEEEING.
  2775 | D:4      | 2775 ||| FLEEEEING.
  2779 | D:4      | 2779 ||| FLEEEEING.
  2780 | D:4      | 2780 ||| FLEEEEING.
  2781 | D:4      | 2781 ||| FLEEEEING.
  2782 | D:4      | 2782 ||| FLEEEEING.
  2821 | D:4      | HP: 7/34 [poisoned by a scorpion]
  2821 | D:4      | HP: 3/34 [adder (4)]
  2822 | D:4      | Succumbed to a scorpion's poison

Levels and vault maps discovered:
D:1:      dpeg_arrival_tiny_f, layout_basic
D:2:      layout_loops_cross
D:3:      layout_loops_ring, overflow_temple_1_default, uniq_natasha
D:4:      layout_basic, uniq_robin, uniq_blork_the_orc, uniq_duvessa

Skill      XL: |  1  2  3  4  5  6 |
---------------+-------------------+-----
Ranged Weapons | 6 7 8 9 |  9.1
Dodging        | 3 |  3.6
Fighting       | 2 |  2.2
Stealth        | |  1.2

Action                     |  1- 3 |  4- 6 || total
---------------------------+-------+-------++-------
   Fire: Shortbow          |    86 |    80 ||   166
    Use: Scroll            |     3 |     4 ||     7
 Armour: Leather armour    |     6 |     6 ||    12
  Dodge: Dodged            |     6 |    38 ||    44

Table legend:
 A = Non-vault XP
 B = Vault XP
 C = Vault XP percentage of total XP
 D = Non-vault monster count
 E = Vault monster count
 F = Vault count percentage of total count
                 A         B        C        D         E       F
            +---------+---------+-------+---------+---------+-------
      Total |     439 |      36 |   7.6 |      57 |       1 |   1.7
            +---------+---------+-------+---------+---------+-------
        D:1 |      30 |       0 |   0.0 |      19 |       0 |   0.0
        D:2 |      50 |       0 |   0.0 |      12 |       0 |   0.0
        D:3 |      87 |      36 |  29.3 |      14 |       1 |   6.7
        D:4 |     272 |       0 |   0.0 |      12 |       0 |   0.0
            +---------+---------+-------+---------+---------+-------
